 Dungeon Crawl Stone Soup version 0.30-a0-748-ge6a52f7cba (webtiles) character file.

Game seed: 6291534920461883305

326 IdlyInterested the Slasher (level 6, -4/41 (46) HPs)
             Began as a Formicid Gladiator on Feb 8, 2023.
             Slain by Eustachio
             ... wielding a +2 rapier of draining
              (14 damage)
             ... on level 4 of the Dungeon.
             The game lasted 00:07:25 (2936 turns).

IdlyInterested the Slasher (Formicid Gladiator)     Turns: 2936, Time: 00:07:26

HP:   -4/41 (46)    AC: 13    Str: 18      XL:     6   Next: 79%
MP:   6/6           EV: 10    Int: 13      God:
Gold: 1             SH:  0    Dex: 11 (12) Spells: 5/5 levels left

rFire   . . .      SeeInvis +    a - +0 long sword
rCold   . . .      Faith    .    (no shield)
rNeg    . . .      Spirit   .    q - +6 scale mail of Agoraphobia {Regen+ Int+5 Dex-5}
rPois   .          Reflect  .    (helmet unavailable)
rElec   .          Harm     .    (no cloak)
rCorr   .          Rampage  .    k - +0 pair of gloves
Will    .....                    (no boots) Stlth
                                 f - amulet of regeneration
HPRegen 1.86/turn                (no ring)
MPRegen 0.10/turn                (no ring)

@: heavily drained
A: permanent stasis, dig shafts and tunnels, antennae 3, four strong arms
a: Dig, Shaft Self


You were on level 4 of the Dungeon.
You visited 1 branch of the dungeon, and saw 4 of its levels.

You collected 138 gold pieces.
You spent 137 gold pieces at shops.

Inventory:

Hand Weapons
 a - a +0 long sword (weapon)
 p - a +0 rapier
Missiles
 c - 3 throwing nets
 d - a javelin
 g - 29 stones (quivered)
 i - 4 atropa-tipped darts
 j - 3 boomerangs
 o - 3 curare-tipped darts
Armour
 k - a +0 pair of gloves (worn)
 q - the +6 scale mail of Agoraphobia (worn) {Regen+ Int+5 Dex-5}
   (You found it on level 3 of the Dungeon)

   Int:       It affects your intelligence (+5).
   Dex:       It affects your dexterity (-5).
   Regen:     It increases your rate of health regeneration.
Jewellery
 f - an amulet of regeneration (around neck)
Scrolls
 b - 3 scrolls of vulnerability
 l - a scroll of identify
 m - a scroll of immolation
 n - a scroll of enchant armour
Potions
 e - 2 potions of flight
 h - a potion of curing


   Skills:
 + Level 2.4 Fighting
 * Level 6.4 Long Blades
 - Level 2.0 Throwing
 - Level 2.0 Armour
 - Level 2.6 Dodging
 - Level 2.0 Stealth


You had 5 spell levels left.
You didn't know any spells.
Your spell library contained the following spells:

 Spells                   Type           Power      Damage    Failure   Level
 Magic Dart               Conj           0%         1d3       69%         1
 Call Imp                 Summ           0%         N/A       83%         2
 Cigotuvi's Dreadful Rot  Necr/Pois/Air  0%         N/A       83%         2
 Poisonous Vapours        Pois/Air       0%         N/A       83%         2
 Inner Flame              Hex/Fire       0%         N/A       96%         3
 Mephitic Cloud           Conj/Pois/Air  0%         N/A       96%         3
 Flame Wave               Conj/Fire      0%         2d4       100%        4
 Sticky Flame             Conj/Fire      0%         2d3       100%        4


Dungeon Overview and Level Annotations

Branches:
Dungeon (4/15)
 Temple: D:4-7

Altars:

Shops:
D:2 ?

Annotations:
D:4 Eustachio


Innate Abilities, Weirdness & Mutations

You cannot be hasted, slowed, berserked, paralysed or teleported.
You can dig through walls and to a lower floor.
You have a pair of large antennae on your head. (SInv)
Your four strong arms can wield two-handed weapons with a shield.


Message History

Eustachio is lightly wounded.
The bat closely misses you.
The quasit bites you but does no damage.
The quasit claws you but does no damage. x2
The crimson imp barely misses you. The hobgoblin closely misses you.
Eustachio closely misses you.
The quasit bites you but does no damage.
The quasit claws you but does no damage. x2
The iron imp hits you but does no damage.
You closely miss Eustachio. You punch Eustachio, but do no damage.
Eustachio is lightly wounded.
The crimson imp disappears in a puff of smoke!
The bat closely misses you.
The hobgoblin hits you but does no damage.
Eustachio zaps a wand.
The puff of flame hits you. The quasit barely misses you. x2
The quasit claws you but does no damage.
You hit Eustachio.
Eustachio is moderately wounded.
The quasit disappears in a puff of smoke!
The iron imp disappears in a puff of smoke!
The bat closely misses you. The bat barely misses you.
The hobgoblin completely misses you.
Eustachio hits you with a +2 rapier of draining!
You feel drained. The bat hits you but does no damage.
The hobgoblin closely misses you. Eustachio closely misses you.
You barely miss Eustachio.
Eustachio is moderately wounded.
The bat hits you. The bat barely misses you.
Eustachio hits you with a +2 rapier of draining!
* * * LOW HITPOINT WARNING * * *
You feel drained.
* * * LOW HITPOINT WARNING * * *
The hobgoblin hits you but does no damage.
You hit Eustachio.
Eustachio is moderately wounded.
The bat completely misses you. The bat hits you but does no damage.
The bat closely misses you.
Eustachio hits you with a +2 rapier of draining!
You die...

#............ ...
#......##'### $..
##.>...##...# ....
#######.....##.... #....
#<...##.....##....
#.$..##....#......#.....
...........'......##...#
.......gb..#......##...#
.......@ยง..##.....##....
#....##@b..##.....##....
#### #....##.....#.....
#.....+......##+###
+.....#......#
#.....#....... #.....# {
#.....# #######


You could see Eustachio (strong), a hobgoblin and 2 bats.

Vanquished Creatures
  Sigmund (D:3)
  A black bear (D:3)
  An iguana (D:3)
  An adder (D:3)
  A dart slug (D:1)
  5 orcs (D:3)
  4 bats
  4 endoplasms
  A giant cockroach (D:4)
  3 goblins
  9 hobgoblins
  3 quokkas
  3 ball pythons
  A frilled lizard (D:2)
  A kobold (D:3)
  6 rats
45 creatures vanquished.

Notes
Turn   | Place    | Note
-------+----------+-------------------------------------------
     0 | D:1      | IdlyInterested the Formicid Gladiator began the quest for
                  | the Orb.
     0 | D:1      | Reached XP level 1. HP: 16/16 MP: 1/1
   255 | D:1      | Reached XP level 2. HP: 22/22 MP: 2/2
   321 | D:1      | Reached skill level 1 in Armour
  1080 | D:2      | Reached XP level 3. HP: 27/27 MP: 3/3
  1244 | D:2      | Found Xafich's Magic Scroll Emporium.
  1289 | D:2      | Reached skill level 1 in Stealth
  1938 | D:2      | Bought a scroll of enchant armour for 82 gold pieces
  1938 | D:2      | Bought a scroll of noise for 11 gold pieces
  2007 | D:3      | Reached skill level 4 in Long Blades
  2025 | D:3      | Identified the +6 scale mail of Agoraphobia {Regen+ Int+5
                  | Dex-5}
  2165 | D:3      | Noticed Sigmund
  2166 | D:3      | Noticed a black bear
  2176 | D:3      | Reached XP level 4. HP: 25/33 MP: 4/4
  2186 | D:3      | Killed a black bear
  2187 | D:3      | Reached skill level 5 in Long Blades
  2187 | D:3      | Reached XP level 5. HP: 35/38 MP: 5/5
  2201 | D:3      | Killed Sigmund
  2202 | D:3      | Reached skill level 6 in Long Blades
  2202 | D:3      | Reached XP level 6. HP: 44/44 MP: 6/6
  2480 | D:3      | Found a faded altar of an unknown god.
  2738 | D:2      | Bought a scroll of immolation for 44 gold pieces
  2917 | D:4      | Noticed Eustachio
  2936 | D:4      | Slain by Eustachio

Illustrated notes

Levels and vault maps discovered:
D:1:      amcnicky_arrival_flooded_fountain, layout_basic,
          minmay_misc_feat_diagonals, nrook_mini_vaults,
          nicolae_kite_square_tiling_tiny
D:2:      layout_basic, serial_shops, nicolae_shop_behind_doors
D:3:      layout_basic, shapermc_ecumenical_altar_acropolis, uniq_sigmund
D:4:      layout_gridville, overflow_temple_1_default,
          minmay_temple_entry_enclosed_plants, uniq_eustachio,
          uniq_blork_the_orc, uniq_ijyb

Skill      XL: |  1  2  3  4  5 |
---------------+----------------+-----
Armour         | 1 2 |  2.0
Stealth        | 1 2 |  2.0
Long Blades    | 4 5 6 |  6.4
Fighting       | |  2.4
Throwing       | |  2.0
Dodging        | |  2.6

Action                     |  1- 3 |  4- 6 || total
---------------------------+-------+-------++-------
  Melee: Long sword        |    71 |    77 ||   148
         Punch             |     1 |     2 ||     3
  Throw: Stone             |     2 |       ||     2
    Use: Scroll            |     5 |     3 ||     8
         Potion            |       |     1 ||     1
   Stab: Sleeping          |     1 |       ||     1
 Armour: Leather armour    |     8 |       ||     8
         Scale mail        |    25 |    99 ||   124
         Chain mail        |    12 |       ||    12
  Dodge: Dodged            |    44 |   103 ||   147

Table legend: (Time is in decaauts)
 A = Elapsed time spent in this place.
 B = Non-inter-level travel time spent in this place.
 C = Inter-level travel time spent in this place.
 D = Time resting spent in this place.
 E = Time spent auto-exploring this place.
 F = Levels seen in this place.
 G = Mean time per level.
                   A        B        C        D        E       F      G
               +--------+--------+--------+--------+--------+-----+--------+
         Total |   2962 |   2403 |    559 |     86 |   1602 |   4 |  740.5 |
       Dungeon |   2962 |   2403 |    559 |     86 |   1602 |   4 |  740.5 |
               +--------+--------+--------+--------+--------+-----+--------+

Top non-repeatable levels by time:
     D:2: 1121 daAuts
     D:1: 1051 daAuts
     D:3: 720 daAuts
     D:4: 68 daAuts
